 Dungeon Crawl Stone Soup version 0.30-a0-339-g89bb51ec76 (webtiles) character file.

Game seed: 16033910149016934861

1281 lunkers the Grappler (level 9, 0/70 HPs)
             Began as a Meteoran Fighter on Oct 31, 2022.
             Slain by Dowan
             ... wielding a +0 dagger
              (1 damage)
             ... on level 6 of the Dungeon.
             The game lasted 00:07:15 (2255 turns).

lunkers the Grappler (Meteoran Fighter)             Turns: 2255, Time: 00:07:16

Health: 0/70       AC: 10    Str: 19    XL:     9   Next: 10%
Magic:  0/10       EV:  9    Int: 14    God:
Gold:   198        SH:  5    Dex: 13    Spells: 8/8 levels left

rFire   + . .      SeeInvis .      - Unarmed
rCold   . . .      Faith    .    b - +0 buckler
rNeg    . . .      Spirit   +    e - +0 scale mail {rF+}
rPois   .          Reflect  .    i - +2 helmet
rElec   .          Harm     .    (no cloak)
rCorr   .          Rampage  .    (no gloves)
Will    +....                    (no boots)
Stlth   ..........               j - amulet of guardian spirit
HPRegen 0.31/turn                (no ring)
MPRegen 0.12/turn                (no ring)

@: glowing
A: sense surroundings 2, otherworldly, glowing, explore regen
a: no special abilities


You were on level 6 of the Dungeon.
You visited 1 branch of the dungeon, and saw 6 of its levels.

You collected 198 gold pieces.

Inventory:

Missiles
 a - 6 javelins
 l - 2 boomerangs
 m - 4 poisoned darts
Armour
 b - a +0 buckler (worn)
 e - a +0 scale mail of fire resistance (worn)
 i - a +2 helmet (worn)
Jewellery
 j - an amulet of guardian spirit (around neck)
Wands
 c - a wand of quicksilver (20)
 g - a wand of roots (9)
 h - a wand of charming (20)
Scrolls
 n - a scroll of magic mapping
 q - a scroll of teleportation {unknown}
Potions
 d - 8 potions of curing
 f - a potion of invisibility
 k - 2 potions of flight
 o - a potion of heal wounds {unknown}
 p - 2 potions of degeneration {unknown}


   Skills:
 - Level 3.2 Fighting
 - Level 3.6 Armour
 - Level 3.6 Shields
 - Level 12.0 Unarmed Combat
 + Level 2.0 Evocations


You had 8 spell levels left.
You didn't know any spells.
Your spell library contained the following spells:

 Spells                   Type           Power      Damage    Failure   Level
 Magic Dart               Conj           0%         1d3       73%         1
 Call Imp                 Summ           0%         N/A       86%         2
 Ensorcelled Hibernation  Hex/Ice        0%         N/A       86%         2
 Passwall                 Tmut/Erth      0%         N/A       86%         2
 Dazzling Flash           Conj/Hex       0%         N/A       97%         3
 Mephitic Cloud           Conj/Pois/Air  0%         N/A       97%         3
 Swiftness                Air            0%         N/A       97%         3
 Iskenderun's Mystic Bla  Conj/Tloc      0%         2d3       100%        4
 Starburst                Conj/Fire      0%         6d3       100%        6


Dungeon Overview and Level Annotations

Branches:
Dungeon (6/15) Zot: 1372
 Temple: D:4-7

Altars:

Shops:
D:2 [([   D:5 *

Annotations:
D:4 1 runed translucent door
D:6 Dowan


Innate Abilities, Weirdness & Mutations

You passively map the area around you.
You are easily found by Zot.
You glow in the dark.
You regain HP and MP as you explore.


Message History

You hit Duvessa but do no damage.
Duvessa is severely wounded.
Duvessa says, "When magic and the sword combine, nothing stands against them."
You block Duvessa's attack.
You hit Duvessa.
Duvessa is almost dead.
Dowan hits you but does no damage. Duvessa hits you but does no damage.
You punch Duvessa!
You kill Duvessa!
Dowan screams, "No!
No!"
Dowan seems to find hidden reserves of power!
Dowan hits you with a +0 dagger.
Training target 12.0 for Unarmed Combat reached!
Your Unarmed Combat skill increases to level 12!
You need to enable at least one skill for training.
Your Evocations skill gained 2 levels and is now at level 2!
You hit Dowan but do no damage.
Dowan casts a spell.
Dowan blinks!
Dowan gestures at you while chanting. The stone arrow hits you!
* * * LOW HITPOINT WARNING * * *
You are too injured to fight recklessly!
Dowan gestures at you while chanting. The stone arrow hits you!!
* * * LOW HITPOINT WARNING * * *
Dowan hits you but does no damage.
You hit Dowan.
Dowan is lightly wounded.
Dowan casts a spell at you. The stone arrow hits you!!
* * * LOW MAGIC WARNING * * *
* * * LOW HITPOINT WARNING * * *
Aiming: Quicksilver Bolt
Press: ? - help, Shift-Dir - straight line, f - Dowan
Aim: Dowan, wielding a +0 dagger and wearing a +1 robe of positive energy (lightly wounded, fast, spells empowered, 60% to hit)
The bolt of dispelling energy hits Dowan!
Dowan is heavily wounded.
Dowan's magical effects unravel!
Dowan hits you with a +0 dagger.
You die...

####.#...##.....#
###. #.######.....#
#. #.# #..##.#
####. #.# #.)...#
#.... #.# ##.####
#.### #.# #.# #.#
** ##.#######.# #.#
* ,,
#.......##.######.#
*
#..#@e......<.....#
* ,
#)...##.###.#######
,, , #.#####.# #.#
**, , , ...****#.#
#.# * *, ....., ..#
#.# ,...###.*
#####.## * ##, #.
#...# * #. #...# ,
,, #.* #...#


You could see Dowan.

Vanquished Creatures
  Sigmund (D:2)
  Duvessa (D:6)
  A black bear (D:6)
  2 ice beasts
  An ogre (D:6)
  2 bullfrogs (D:4)
  A necrophage (D:6)
  3 scorpions
  3 orc priests (D:4)
  3 iguanas
  Terence (D:3)
  Robin (D:3)
  4 adders
  A white imp (D:5)
  A dart slug (D:4)
  3 orcs (D:4)
  6 endoplasms
  3 giant cockroaches
  12 goblins
  9 hobgoblins
  2 jackals (D:1)
  A quokka (D:2)
  3 ball pythons
  2 frilled lizards (D:1)
  5 kobolds
  2 rats
74 creatures vanquished.

Vanquished Creatures (others)
  3 plants (D:3)
3 creatures vanquished.

Grand Total: 77 creatures vanquished

Notes
Turn   | Place    | Note
-------+----------+-------------------------------------------
     0 | D:1      | lunkers the Meteoran Fighter began the quest for the Orb.
     0 | D:1      | Reached XP level 1. HP: 19/19 MP: 2/2
   111 | D:1      | Reached skill level 3 in Unarmed Combat
   111 | D:1      | Reached XP level 2. HP: 17/26 MP: 3/3
   369 | D:2      | Reached XP level 3. HP: 28/31 MP: 4/4
   412 | D:2      | Found Jenek's Antique Armour Emporium.
   449 | D:2      | Reached skill level 4 in Unarmed Combat
   642 | D:2      | Noticed Sigmund
   651 | D:2      | Killed Sigmund
   652 | D:2      | Reached skill level 6 in Unarmed Combat
   652 | D:2      | Reached XP level 4. HP: 18/38 MP: 5/5
   652 | D:2      | Reached XP level 5. HP: 21/45 MP: 6/6
   652 | D:2      | Reached XP level 6. HP: 24/51 MP: 7/7
   675 | D:2      | Found Gipem's Weapon Boutique.
   713 | D:3      | Noticed Robin
   765 | D:2      | Found Boug's Antique Armour Shop.
   790 | D:2      | Reached skill level 7 in Unarmed Combat
   801 | D:3      | Killed Robin
   924 | D:3      | Noticed Terence
   931 | D:3      | Killed Terence
  1207 | D:4      | Reached skill level 8 in Unarmed Combat
  1207 | D:4      | Reached XP level 7. HP: 43/57 MP: 4/8
  1441 | D:4      | Reached skill level 9 in Unarmed Combat
  1522 | D:4      | Found a runed translucent door.
  1591 | D:5      | Entered Level 5 of the Dungeon
  1610 | D:5      | Reached XP level 8. HP: 63/63 MP: 9/9
  1668 | D:5      | Found Poiqauma's Elemental Accessories.
  1722 | D:5      | Reached skill level 10 in Unarmed Combat
  2095 | D:6      | Reached skill level 11 in Unarmed Combat
  2201 | D:6      | Gained mutation: You passively map the area around you.
                  | [Meteoran growth]
  2201 | D:6      | Reached XP level 9. HP: 25/70 MP: 3/10
  2239 | D:6      | Noticed Duvessa
  2239 | D:6      | Noticed Dowan
  2250 | D:6      | Killed Duvessa
  2251 | D:6      | Reached skill level 12 in Unarmed Combat
  2254 | D:6      | HP: 1/70 [Dowan/stone arrow (19)]
  2255 | D:6      | Slain by Dowan

Illustrated notes

Levels and vault maps discovered:
D:1:      lightli_arrival_statuegarden, layout_basic, hangedman_glass_teeth
D:2:      layout_basic, serial_shops, shop_fountains, shop,
          nicolae_shop_hallway_stairs, uniq_sigmund
D:3:      layout_loops_ring, serial_forest, infiniplex_forest_clump_tiny,
          infiniplex_forest_clump_curved, infiniplex_forest_straight_5,
          infiniplex_forest_straight_5, infiniplex_forest_clump_long,
          infiniplex_forest_clump_C, infiniplex_forest_lined_1,
          infiniplex_forest_end_3, minmay_fountain_box,
          nicolae_underground_beach, uniq_terence, uniq_robin
D:4:      layout_cave_pools, ebering_ghost_reflecting_pool
D:5:      layout_basic, mumra_transporter_accident, nicolae_hexahallways,
          nicolae_elemental_shop
D:6:      layout_loops_cross, minmay_temple_entry_poolview, uniq_prince_ribbit1,
          uniq_duvessa

Skill      XL: |  1  2  3  4  5  6  7  8  9 |
---------------+----------------------------+-----
Unarmed Combat | 3 6 8 9 11 12 | 12.0
Evocations     | 2 |  2.0
Fighting       | |  3.2
Armour         | |  3.6
Shields        | |  3.6

Action                   |  1- 3 |  4- 6 |  7- 9 || total
-------------------------+-------+-------+-------++-------
Melee: Unarmed           |    75 |    80 |   144 ||   299
Evoke: Wand              |       |       |     1 ||     1
  Use: Potion            |     1 |       |       ||     1
       Scroll            |       |     4 |     4 ||     8
Armor: Scale mail        |    18 |    31 |    52 ||   101
Dodge: Dodged            |    18 |    38 |    28 ||    84
Block: Buckler           |    18 |    22 |    22 ||    62

Table legend: (Time is in decaauts)
 A = Elapsed time spent in this place.
 B = Non-inter-level travel time spent in this place.
 C = Inter-level travel time spent in this place.
 D = Time resting spent in this place.
 E = Time spent auto-exploring this place.
 F = Levels seen in this place.
 G = Mean time per level.
                   A        B        C        D        E       F      G
               +--------+--------+--------+--------+--------+-----+--------+
         Total |   2227 |   2126 |    101 |     41 |   1366 |   6 |  371.2 |
       Dungeon |   2227 |   2126 |    101 |     41 |   1366 |   6 |  371.2 |
               +--------+--------+--------+--------+--------+-----+--------+

Top non-repeatable levels by time:
     D:2: 494 daAuts
     D:5: 480 daAuts
     D:4: 419 daAuts
     D:3: 378 daAuts
     D:1: 282 daAuts
     D:6: 171 daAuts
